 Dungeon Sprint DCSS version 0.30-a0-509-gd016549fea (webtiles) character file.

Game seed: 4709454369224921493

165 rocky1 the Carver (level 5, -2/38 HPs)
             Began as a Merfolk Gladiator on Dec 23, 2022.
             Slain by a shadow (11 damage)
             ... in the Dungeon (Sprint III: "The Ten Rune Challenge").
             The game lasted 00:01:27 (415 turns).

rocky1 the Carver (Merfolk Gladiator)                Turns: 415, Time: 00:01:28

Health: -2/38      AC:  5    Str: 14    XL:     5   Next: 46%
Magic:  5/5        EV: 13    Int:  8    God:
Gold:   36         SH:  0    Dex: 17    Spells: 4/4 levels left

rFire   . . .      SeeInvis .    a - +0 long sword
rCold   . . .      Faith    .    (no shield)
rNeg    . . .      Spirit   .    b - +0 leather armour
rPois   .          Reflect  .    c - +0 helmet
rElec   .          Harm     .    l - +0 cloak
rCorr   .          Rampage  .    (no gloves)
Will    .....      NoTele   +    (no boots)
Stlth   +.........               (no amulet)
HPRegen 0.26/turn                (no ring)
MPRegen 0.09/turn                (no ring)

@: no status effects
A: (nimble swimmer 2), mertail
a: no special abilities


You were in the Dungeon.
You visited 1 branch You collected 36 gold pieces.

Inventory:

Hand Weapons
 a - a +0 long sword (weapon)
Missiles
 d - 2 throwing nets (quivered)
 e - a javelin
Armour
 b - a +0 leather armour (worn)
 c - a +0 helmet (worn)
 l - a +0 cloak (worn)
Scrolls
 k - a scroll of blinking
 m - a scroll of poison {unknown}
 n - 2 scrolls of identify {unknown}
 p - a scroll of torment {unknown}
Potions
 f - 2 potions of curing
 g - a potion of heal wounds
 h - a potion of haste
 i - 2 potions of magic
 j - a potion of berserk rage
 o - 3 potions of flight
 q - 5 potions of mutation


   Skills:
 - Level 2.1 Fighting
 + Level 13.0 Long Blades
 - Level 2.0 Throwing
 - Level 4.0 Dodging


You had 4 spell levels left.
You didn't know any spells.
Your spell library was empty.

Dungeon Overview and Level Annotations

Branches:
Dungeon (1/1)

Altars:


Innate Abilities, Weirdness & Mutations

((You are very nimble when in or above water. (Stealth+, EV+, Speed+++)))
Your lower body shifts to a powerful aquatic tail in water.


Message History

The jelly is almost dead.
The jelly misses you.
You barely miss the jelly.
The jelly is almost dead.
The jelly closely misses you.
You slash the jelly!
You kill the jelly!
Your Long Blades skill increases to level 13!
Unknown command.
You close the door.
You start resting.
You are no longer corroded.
You start resting.
You start resting.
HP restored.
As you open the door, it creaks loudly!
A shadow comes into view.
The shadow hits you!
There is an open door, spattered with blood here.
You hit the shadow.
The shadow is lightly damaged.
You slash the shadow!
The shadow is heavily damaged.
The shadow hits you!
You hit the shadow.
The shadow is severely damaged.
The shadow misses you.
You barely miss the shadow.
The shadow is severely damaged.
The shadow closely misses you.
You hit the shadow but do no damage.
The shadow is severely damaged.
You closely miss the shadow.
The shadow is severely damaged.
The shadow hits you!
* * * LOW HITPOINT WARNING * * *
You hit the shadow.
The shadow is severely damaged.
The shadow hits you!
You die...

▓▓▓ ♣♣ ♣.# .♣ ♣♣.#
♣♣ ♣..#
.♣♣♣..###+#+###+##
.♣..♣.#..........#
~..♣..'.⌠........#
~~~.♣.#...######@#
~~....#.⌠.# #.W.#
~.....#...# #...#
......#+### #...#
......# #...+
......# +...#
▓▓▓▓▓▓▓ ▓▓▓▓▓


You could see a shadow.

Vanquished Creatures
  A water elemental (D)
  A jelly (D)
  Crazy Yiuf (D)
  Jessica (D)
  A human (D)
  An endoplasm (D)
  A rat (D)
7 creatures vanquished.

Notes
Turn   | Place    | Note
-------+----------+-------------------------------------------
     0 | D        | rocky1 the Merfolk Gladiator began the quest for the Orb.
     0 | D        | Reached XP level 1. HP: 16/16 MP: 1/1
     7 | D        | Reached skill level 4 in Long Blades
    15 | D        | Noticed Jessica
    19 | D        | Killed Jessica
    20 | D        | Reached skill level 8 in Long Blades
    20 | D        | Reached XP level 2. HP: 14/22 MP: 2/2
    20 | D        | Reached XP level 3. HP: 17/27 MP: 3/3
    79 | D        | Noticed Crazy Yiuf
    90 | D        | Killed Crazy Yiuf
    91 | D        | Reached skill level 9 in Long Blades
   101 | D        | Reached skill level 10 in Long Blades
   101 | D        | Reached XP level 4. HP: 33/33 MP: 4/4
   147 | D        | Noticed a water elemental
   157 | D        | Killed a water elemental
   158 | D        | Reached skill level 12 in Long Blades
   158 | D        | Reached XP level 5. HP: 11/38 MP: 5/5
   285 | D        | Reached skill level 13 in Long Blades
   407 | D        | Noticed a shadow
   415 | D        | Slain by a shadow

Illustrated notes

Levels and vault maps discovered:
D:        dungeon_sprint_mu [sprint_mu_entry_forest, sprint_mu_temple_rooms,
          sprint_mu_d1_spiders, sprint_mu_d2_genie, sprint_mu_d3_branching,
          sprint_mu_orc_legion, sprint_mu_elf_gauntlet, sprint_mu_hive_nellie,
          sprint_mu_lair_fedhas, sprint_mu_vaults_butterflies,
          sprint_mu_slime_circle, sprint_mu_swamp_cave, sprint_mu_shoals_archi,
          sprint_mu_blade_basic, sprint_mu_crypt_fortress,
          sprint_mu_tomb_spiral, sprint_mu_vestibule_basic,
          sprint_mu_gehenna_hellfire, sprint_mu_dis_giant,
          sprint_mu_tartarus_statrot, sprint_mu_cocytus_islands, sprint_mu_zot1]

Skill      XL: |  1  2  3  4  5 |
---------------+----------------+-----
Long Blades    | 8 10 12 13 | 13.0
Fighting       | |  2.1
Throwing       | |  2.0
Dodging        | |  4.0

Action                   |  1- 3 |  4- 6 || total
-------------------------+-------+-------++-------
Melee: Long sword        |    16 |    24 ||    40
       Punch             |       |     1 ||     1
Throw: Throwing net      |     1 |       ||     1
 Stab: Sleeping          |     1 |       ||     1
       Held in net/web   |     2 |       ||     2
Armor: Leather armour    |       |     2 ||     2
Dodge: Dodged            |     4 |     7 ||    11

Table legend: (Time is in decaauts)
 A = Elapsed time spent in this place.
 B = Non-inter-level travel time spent in this place.
 C = Inter-level travel time spent in this place.
 D = Time resting spent in this place.
 E = Time spent auto-exploring this place.
 F = Levels seen in this place.
 G = Mean time per level.
                   A        B        C        D        E       F      G
               +--------+--------+--------+--------+--------+-----+--------+
         Total |    406 |    406 |      0 |    256 |      0 |   1 |  406.0 |
       Dungeon |    406 |    406 |      0 |    256 |      0 |   1 |  406.0 |
               +--------+--------+--------+--------+--------+-----+--------+

Top non-repeatable levels by time:
       D: 406 daAuts
